AoeStats
← player0

Arabia

509832008Analyzed
2v2 RM · 5d ago on Sep 28, 2026· 22m 51s· 4 players
Game mode
Random Map
Map size
Medium (4 player)
Population
200
Speed
Normal
Resources
Standard
Victory
Conquest
Starting age
Dark Age
Ending age
Imperial Age
RankedLock teamsTeams togetherTeam positionsShared explorationLock speedFull tech treeHidden civsTurbo modeCheats
Victory
Defeat
🇧🇪 Armenians · Belgium
1032
+10
1006
+11
929
-12
🇨🇳 Vikings · China
841
-9
drip_trpz #Grandma Peek
10:44 Feudal Age
11:56 Double-Bit Axe
16:33 Loom
好歌剧
8:14 Loom
10:38 Feudal Age
11:06 Man-at-Arms
14:28 Horse Collar
16:09 Arson
22:00 Forging
23:57 Castle Age
player0
5:33 Loom
11:40 Feudal Age
11:48 Man-at-Arms
12:36 Long Swordsman
16:02 Scale Mail Armor
22:53 Forging
lenkamie plays on touchpad
11:15 Loom
13:02 Feudal Age
16:02 Wheelbarrow
18:22 Castle Age
21:19 Double-Bit Axe
Connection lost

Rejoining the realm…

Still unreachable

The connection could not be restored.

Session expired

The server has moved on; the page needs a fresh start.